 Dungeon Crawl Stone Soup version 0.26-a0-757-g626ac9e51a (console) character file.

Game seed: 17219913367445652547

4380 jejorda2 the Spear-Bearer (level 10, -3/83 HPs)
             Began as a Ghoul Gladiator on Nov 7, 2020.
             Was a Follower of Ashenzari.
             Slain by a water moccasin (6 damage)
             ... on level 8 of the Dungeon.
             The game lasted 00:16:47 (7005 turns).

jejorda2 the Spear-Bearer (Ghoul Gladiator)         Turns: 7005, Time: 00:16:48

Health: -3/83      AC: 16    Str: 21      XL:     10   Next: 35%
Magic:  9/9        EV:  8    Int:  3 (4)  God:    Ashenzari [*.....]
Gold:   327        SH:  0    Dex:  8 (10) Spells: 9/9 levels left

rFire    . . .     SeeInvis +   a - +2 halberd (venom) (curse)
rCold    + + .     Faith    .   (shield currently unavailable)
rNeg     + + +     Spirit   .   w - +0 chain mail
rPois    ∞         Reflect  .   c - +2 helmet
rElec    .         Harm     .   y - +2 cloak
rCorr    .         Rampage  .   (no gloves)
MR       .....                  (no boots)
Stlth    ..........             (no amulet)
HPRegen  0.00/turn              o - ring of protection from cold
MPRegen  0.11/turn              s - ring of see invisible

@: no status effects
A: rotting body, claws 1, cold resistance 1, negative energy resistance 3,
inhibited regeneration, torment resistance, unbreathing
a: Curse Item, Scrying, Renounce Religion


You were on level 8 of the Dungeon.
You worshipped Ashenzari.
Ashenzari was aware of your devotion.
You visited 2 branches of the dungeon, and saw 9 of its levels.

You collected 327 gold pieces.

Inventory:

Hand Weapons
 a - a cursed +2 halberd of venom (weapon)
 h - a +0 flail
 r - a +0 trident
 z - a +0 trident of protection
Missiles
 d - 3 throwing nets (quivered)
 q - 13 poisoned darts
 t - 4 boomerangs
 E - 8 javelins
Armour
 c - a +2 helmet (worn)
 w - a +0 chain mail (worn)
 y - a +2 cloak (worn)
Jewellery
 o - a ring of protection from cold (left claw)
 s - a ring of see invisible (right claw)
Wands
 C - a wand of random effects (8)
 H - a wand of iceblast (12)
Scrolls
 e - 5 scrolls of remove curse
 f - a scroll of enchant armour
 i - a scroll of amnesia
 k - 2 scrolls of magic mapping
 A - 3 scrolls of fog
Potions
 b - 4 potions of haste
 g - 3 potions of mutation
 j - 8 potions of curing
 l - 3 potions of brilliance {unknown}
 n - a potion of ambrosia {unknown}
 p - a potion of lignification {unknown}
 u - a potion of might
 v - 2 potions of degeneration {unknown}
 x - 2 potions of attraction {unknown}
 D - a potion of heal wounds {unknown}
 F - a potion of flight {unknown}


   Skills:
 - Level 6.0 Fighting
 * Level 10.5 Polearms
 - Level 1.7 Throwing
 - Level 6.0 Armour
 - Level 2.6 Dodging
 + Level 4.1 Evocations


You had 9 spell levels left.
You didn't know any spells.
Your spell library contained the following spells:

 Spells                   Type           Power        Failure   Level
 Summon Small Mammal      Summ           #...         99%         1
 Call Imp                 Summ           #.......     100%        2
 Call Canine Familiar     Summ           #.......     100%        3
 Summon Guardian Golem    Hex/Summ       #.......     100%        3
 Summon Ice Beast         Ice/Summ       #.......     100%        4
 Summon Lightning Spire   Summ/Air       #.......     100%        4


Dungeon Overview and Level Annotations

Branches:
Dungeon (8/15)             Temple (1/1) D:6            Lair (0/6) D:8

Altars:
Ashenzari
Cheibriados
Elyvilon
Fedhas
Gozag
Kikubaaqudgha
Makhleb
Nemelex Xobeh
Okawaru
Qazlal
Ru
Sif Muna
Trog
Wu Jian
Xom
Yredelemnul
The Shining One


Innate Abilities, Weirdness & Mutations

Your body is rotting away.
You thrive by killing the living.
You are immune to poison.
You have sharp fingernails.
Your flesh is cold resistant. (rC+)
You are immune to negative energy. (rN+++)
You do not regenerate when monsters are visible.
You are immune to unholy pain and torment.
You can survive without breathing.


Message History

The water moccasin closely misses you.
You miss the water moccasin. The water moccasin barely misses you.
You slice the water moccasin!!
The water moccasin is severely wounded.
The water moccasin bites you.
* * * LOW HITPOINT WARNING * * *
You barely miss the water moccasin.
The water moccasin is severely wounded.
The water moccasin bites you.
* * * LOW HITPOINT WARNING * * *
The water moccasin bites you but does no damage.
It was a potion of mutation.
You feel extremely strange.
Your body decomposes!
You feel dopey.
Your body decomposes!
You feel clumsy.
Your body decomposes!
You feel clumsy. The water moccasin bites you.
You die...

***,,,** #...........P..*,,,,,,,
,*,,,,,***#............>.,,,,,,,,
,,,,,,,,,,.............,.,,,,,,**
,,,,,,,***#..........,...,,,,,,*
,,,,,,** #........♣....♣,,,,,,*
*,,,,** *#.#*#.........,,,,,,*
**,*** #.# #.#....♣.P,,,,#,*
**,*** #.# #S##......,,,*#.*
,,,,,* #.###@#*#..♣..,***#.*
,,,,,***** #.....# *.##*#*####.##
,,,,,,,,,* #..#### *,...,,.......
,,,,,***,* #..# **#.#*****#...
,,,,,* *,* #..# #.# ###. ******
*,* #..# #.# ##. *,* #..# #.#
#####.. *,*
#..########.####.....# *,*
#................##.##


You could see a water moccasin.

Vanquished Creatures
  Pikel (D:7)
  Prince Ribbit (D:7)
  3 yaks (D:8)
  4 basilisks (D:8)
  2 water moccasins (D:8)
  Duvessa (D:4)
  A phantom (D:8)
  A sky beast (D:4)
  An orc warrior (D:3)
  3 ice beasts
  A centaur (D:8)
  3 ogres
  A lemure (D:7)
  4 bullfrogs
  Dowan (D:4)
  2 scorpions
  2 howler monkeys
  A bullfrog zombie (D:5)
  A centaur zombie (D:6)
  A quasit (D:8)
  2 jellies
  2 orc priests (D:4)
  4 hounds
  Crazy Yiuf (D:3)
  A centaur skeleton (D:7)
  3 orc wizards
  3 bullfrog skeletons
  3 iguanas
  4 worker ants
  A hound skeleton (D:4)
  12 adders
  10 gnolls
  A howler monkey skeleton (D:4)
  A white imp (D:5)
  An ufetubus (D:5)
  2 oozes (D:2)
  An adder skeleton (D:7)
  An adder zombie (D:5)
  A worm (D:3)
  A dart slug (D:2)
  6 leopard geckos
  27 orcs
  4 ball pythons
  7 bats
  5 giant cockroaches
  7 hobgoblins
  11 jackals
  2 quokkas (D:8)
  2 frilled lizards
  9 goblins
  A jackal skeleton (D:4)
  7 kobolds
  A quokka zombie (D:8)
  9 rats
188 creatures vanquished.

Vanquished Creatures (others)
  5 fungi (D:8)
  21 plants (D:8)
26 creatures vanquished.

Grand Total: 214 creatures vanquished

Notes
Turn   | Place    | Note
-------+----------+-------------------------------------------
     0 | D:1      | jejorda2 the Ghoul Gladiator began the quest for the Orb.
     0 | D:1      | Reached XP level 1. HP: 17/17 MP: 0/0
    28 | D:1      | Reached skill level 3 in Polearms
   168 | D:1      | Reached XP level 2. HP: 10/24 MP: 1/1
   581 | D:1      | Reached XP level 3. HP: 22/29 MP: 2/2
   826 | D:1      | Reached skill level 4 in Polearms
  1243 | D:2      | Found a glowing golden altar of the Shining One.
  1325 | D:2      | Reached XP level 4. HP: 33/36 MP: 3/3
  1991 | D:3      | Reached skill level 5 in Polearms
  1993 | D:3      | Reached XP level 5. HP: 41/41 MP: 4/4
  2012 | D:3      | Found a faded altar of an unknown god.
  2314 | D:3      | Found an iron altar of Okawaru.
  2477 | D:3      | Found a runed translucent door.
  2478 | D:3      | Noticed Crazy Yiuf
  2491 | D:3      | Killed Crazy Yiuf
  2491 | D:3      | Reached skill level 1 in Armour
  2617 | D:4      | Noticed an orc warrior
  2740 | D:3      | Reached XP level 6. HP: 40/50 MP: 5/5
  2795 | D:3      | Killed an orc warrior
  3161 | D:4      | Reached skill level 6 in Polearms
  3168 | D:4      | Reached XP level 7. HP: 57/57 MP: 6/6
  3316 | D:4      | Noticed Duvessa
  3449 | D:4      | Noticed Dowan
  3450 | D:4      | Killed Duvessa
  3561 | D:4      | Killed Dowan
  3664 | D:4      | Found a snail-covered altar of Cheibriados.
  3861 | D:2      | Found a burning altar of Makhleb.
  3911 | D:5      | Entered Level 5 of the Dungeon
  3931 | D:5      | Reached skill level 7 in Polearms
  3931 | D:5      | Reached XP level 8. HP: 67/67 MP: 7/7
  3932 | D:5      | Found a sparkling altar of Nemelex Xobeh.
  4610 | D:6      | Reached skill level 5 in Fighting
  4812 | D:6      | Found a staircase to the Ecumenical Temple.
  4869 | Temple   | Entered the Ecumenical Temple
  4918 | Temple   | Became a worshipper of Ashenzari the Shackled
  5177 | D:6      | Reached skill level 8 in Polearms
  5409 | D:6      | Reached * piety under Ashenzari
  5465 | D:6      | Found an ornate altar of the Wu Jian Council.
  5768 | D:7      | Reached XP level 9. HP: 75/75 MP: 8/8
  5831 | D:7      | Found a white marble altar of Elyvilon.
  5925 | D:7      | Noticed Pikel
  5936 | D:7      | Killed Pikel
  5936 | D:7      | Reached skill level 9 in Polearms
  5936 | D:7      | Reached skill level 5 in Armour
  5936 | D:7      | Reached skill level 1 in Evocations
  6209 | D:7      | Noticed Prince Ribbit
  6217 | D:7      | Killed Prince Ribbit
  6289 | D:7      | Found a stormy altar of Qazlal.
  6879 | D:8      | Reached XP level 10. HP: 55/83 MP: 9/9
  6881 | D:8      | Reached skill level 10 in Polearms
  6917 | D:8      | Found a staircase to the Lair.
  7003 | D:8      | HP: 4/83 [water moccasin (3)]
  7005 | D:8      | Slain by a water moccasin

Illustrated notes

Levels and vault maps discovered:
D:1:      lightli_arrival_chessboard, layout_basic, minmay_tetromino_s4
D:2:      layout_basic, nicolae_overflow_hidden_temple,
          overflow_temple_1_default
D:3:      layout_rooms, okawaru_altar_gauntlet_db,
          chequers_ecumenical_altar_simple, uniq_crazy_yiuf_cottage
D:4:      layout_cave_pools, cheibriados_altar_1, kennysheep_potato,
          uniq_duvessa
D:5:      layout_basic, overflow_temple_1_default,
          chequers_serial_rivers_micro_e, minmay_crystal_water
D:6:      layout_basic, kennysheep_mini, temple_statues
D:7:      layout_loops_cross, kennysheep_mini_moat,
          nicolae_overflow_crystal_walls, uniq_pikel, uniq_prince_ribbit1
D:8:      layout_loops_ring, minmay_lair_entry_grove, kennysheep_generic_room_13
Temple:   kb_temple_of_zot

Skill      XL: |  1  2  3  4  5  6  7  8  9 10 |
---------------+-------------------------------+-----
Polearms       | 3 4 5 6 7 8 9 10 | 10.5
Armour         | 1 2 3 4 5 6 |  6.0
Fighting       | 3 4 5 6 |  6.0
Evocations     | 3 4 |  4.1
Throwing       | |  1.7
Dodging        | |  2.6

Action                   |  1- 3 |  4- 6 |  7- 9 | 10-12 || total
-------------------------+-------+-------+-------+-------++-------
Melee: Trident           |   109 |   198 |       |       ||   307
       Halberd           |       |    40 |   318 |    79 ||   437
Throw: Throwing net      |       |     1 |       |       ||     1
Invok: Curse Item        |       |       |     1 |       ||     1
  Use: Scroll            |       |       |    11 |       ||    11
       Potion            |       |       |       |     1 ||     1
 Stab: Held in net/web   |       |     2 |       |       ||     2
Armor: Leather armour    |    30 |     2 |       |       ||    32
       Scale mail        |       |    26 |       |       ||    26
       Chain mail        |       |    99 |   193 |    46 ||   338
Dodge: Dodged            |    56 |    94 |   118 |    29 ||   297

Table legend: (Time is in decaauts)
 A = Elapsed time spent in this place.
 B = Non-inter-level travel time spent in this place.
 C = Inter-level travel time spent in this place.
 D = Time resting spent in this place.
 E = Time spent auto-exploring this place.
 F = Levels seen in this place.
 G = Mean time per level.
                   A        B        C        D        E       F      G
               +--------+--------+--------+--------+--------+-----+--------+
         Total |   7082 |   6762 |    320 |    167 |   5123 |   9 |  786.9 |
       Dungeon |   7003 |   6707 |    296 |    167 |   5085 |   8 |  875.4 |
        Temple |     78 |     54 |     24 |      0 |     38 |   1 |   78.0 |
               +--------+--------+--------+--------+--------+-----+--------+

Top non-repeatable levels by time:
     D:3: 1403 daAuts
     D:1: 1104 daAuts
     D:6: 1042 daAuts
     D:7: 853 daAuts
     D:2: 810 daAuts
     D:5: 688 daAuts
     D:4: 642 daAuts
     D:8: 458 daAuts
  Temple: 78 daAuts
